 Dungeon Sprint DCSS version 0.28.0-43-g3370ac3207 (webtiles) character file.

Game seed: 3155807248089197208

2999 Baz the Fighter (level 10, -21/86 HPs)
             Began as a Djinni Fire Elementalist on Mar 17, 2022.
             Was a Priest of Makhleb.
             Shot with an arrow by a centaur warrior (23 damage)
             ... in the Dungeon (Sprint IX: "|||||||||||||||||||||||||||||").
             The game lasted 00:04:45 (777 turns).

Baz the Fighter (Djinni Fire Elementalist)           Turns: 777, Time: 00:04:46

Health: -21/86     AC:  3    Str:  7    XL:     10   Next: 9%
Gold:   0          EV: 20    Int: 21    God:    Makhleb [***...] SH:  0 Dex: 17

rFire   + + .      SeeInvis .   h - +2 rapier (drain)
rCold   x . .      Faith    .   (no shield)
rNeg    . . .      Spirit   .   a - +0 robe
rPois   ∞          Reflect  .   i - +0 helmet
rElec   .          Harm     .   (no cloak)
rCorr   .          Rampage  .   (no gloves)
Will    +....      NoTele   +   (boots unavailable)
Stlth   ++........              (no amulet)
HPRegen 0.24/turn               j - +2 ring of evasion
MPRegen 0.00/turn               k - +3 ring of dexterity

@: flying
A: sickness immunity, fire resistance 2, cold vulnerability 1, float, innate
caster, HP casting, extra vitality 1
a: Renounce Religion, Minor Destruction, Lesser Servant of Makhleb


You were in the Dungeon.
You worshipped Makhleb.
Makhleb was most pleased with you.
You visited 1 branch

Inventory:

Hand Weapons
 h - a +2 rapier of draining (weapon)
Armour
 a - a +0 robe (worn)
 i - a +0 helmet (worn)
Jewellery
 j - a +2 ring of evasion (left hand)
 k - a +3 ring of dexterity (right hand)
Wands
 g - a wand of iceblast (10)
Scrolls
 f - a scroll of blinking
Potions
 b - a potion of invisibility
 c - a potion of heal wounds
 d - a potion of haste
 e - 2 potions of curing


   Skills:
 + Level 13.1 Fighting
 + Level 5.6 Armour
 - Level 10.0 Dodging
 - Level 2.5 Stealth
 - Level 1.7 Unarmed Combat
 * Level 10.5 Spellcasting
 + Level 5.5 Invocations


You had 7 spell levels left.
You knew the following spells:

 Your Spells              Type           Power      Damage    Failure   Level
a - Foxfire               Conj/Fire      100%       2x1d9     1%          1
b - Scorch                Fire           100%       2d10      1%          2
c - Conjure Flame         Conj/Fire      53%        6-21      1%          3
d - Inner Flame           Hex/Fire       53%        N/A       1%          3
e - Flame Wave            Conj/Fire      53%        2d11      1%          4
f - Summon Small Mammal   Summ           100%       N/A       1%          1
g - Wereblood             Tmut           53%        N/A       1%          2
h - Gell's Gravitas       Tloc           53%        N/A       1%          3
i - Cause Fear            Hex            26%        N/A       1%          4
Your spell library was empty.

Dungeon Overview and Level Annotations

Branches:
Dungeon (1/1)

Altars:
Cheibriados
Dithmenos
Elyvilon
Fedhas
Gozag
Hepliaklqana
Kikubaaqudgha
Makhleb
Nemelex Xobeh
Okawaru
Qazlal
Ru
Sif Muna
Trog
Uskayaw
Vehumet
Wu Jian
Xom
Yredelemnul
Zin
The Shining One
Beogh
Jiyva
Lugonu


Innate Abilities, Weirdness & Mutations

You are immune to sickness and miasma.
You are immune to poison.
Your flesh is very heat resistant. (rF++)
You are vulnerable to cold. (rC-)
You float through the air rather than walking.
You learn spells naturally, not from books.
Your magical power is your life essence.
You have superior vitality. (+4 MHP)


Message History

* * * LOW HITPOINT WARNING * * *
The cyclops throws a large rock.
The large rock completely misses you.
Unknown command.
Unknown command.
A wave of flame ripples out!
The flame wave engulfs the cyclops!
The cyclops is severely wounded.
The flame wave engulfs the centaur warrior.
The centaur warrior is lightly wounded.
* * * LOW HITPOINT WARNING * * *
You finish channelling waves of flame.
The cyclops throws a large rock.
The large rock completely misses you.
Unknown command.
Unknown command.
Unknown command.
Unknown command.
Casting: Flame Wave (mildly dangerous; 1% risk of failure)
Confirm with . or Enter, or press ? or * to list all spells.
Casting: Flame Wave (mildly dangerous; 1% risk of failure)
Press: ? - help, Dir - look around, f - activate A wave of flame ripples out! (Press . to intensify the flame waves.)
* * * LOW HITPOINT WARNING * * *
Unknown command.
Unknown command.
A wave of flame ripples out!
The flame wave engulfs the cyclops!
You kill the cyclops!
Makhleb accepts your kill.
You feel better.
* * * LOW HITPOINT WARNING * * *
The centaur warrior wields a +0 shortbow.
The centaur warrior shoots an arrow.
The arrow hits you!!
* * * LOW HITPOINT WARNING * * *
You have reached level 10!
A wave of flame ripples out!
The flame wave engulfs the centaur warrior!
The centaur warrior is moderately wounded.
* * * LOW HITPOINT WARNING * * *
You finish channelling waves of flame.
The centaur warrior shoots an arrow.
The arrow hits you!!
You die... ▓▓▓▓▓▓▓▓▓▓▓▓▓▓▓▓▓▓▓▓▓▓▓▓▓▓▓▓▓▓▓▓ ________'!?)..[[@÷(cT...°CcT.... ▓▓▓▓▓▓▓▓▓▓▓▓▓▓▓▓▓▓▓▓▓▓▓▓▓▓▓▓▓▓▓▓

You could see a centaur warrior and a troll.

Vanquished Creatures
  A boulder beetle (D)
  2 two-headed ogres (D)
  A cyclops (D)
  A kobold demonologist (D)
  A slime creature (D)
  A wraith (D)
  A yak (D)
  A centaur (D)
  A hound (D)
  An adder (D)
  An adder zombie (D)
  A dart slug (D)
  2 endoplasms (D)
  A hobgoblin (D)
  A quokka (D)
  A ball python zombie (D)
  A frilled lizard (D)
19 creatures vanquished.

Vanquished Creatures (collateral kills)
  A bat zombie (D)
1 creature vanquished.

Vanquished Creatures (others)
  3 foxfires (D)
3 creatures vanquished.

Grand Total: 23 creatures vanquished

Notes
Turn   | Place    | Note
-------+----------+-------------------------------------------
     0 | D        | Baz the Djinni Fire Elementalist began the quest for the
                  | Orb.
     0 | D        | Reached XP level 1. HP: 15/15 MP: 0/0
    31 | D        | Reached XP level 2. HP: 20/21 MP: 0/0
   133 | D        | Reached skill level 1 in Unarmed Combat
   136 | D        | Reached XP level 3. HP: 8/25 MP: 0/0
   136 | D        | Learned a level 1 spell: Summon Small Mammal
   139 | D        | Reached skill level 5 in Spellcasting
   139 | D        | Reached XP level 4. HP: 7/31 MP: 0/0
   385 | D        | Found a snail-covered altar of Cheibriados.
   385 | D        | Found a shadowy altar of Dithmenos.
   385 | D        | Found a white marble altar of Elyvilon.
   385 | D        | Found a blossoming altar of Fedhas.
   385 | D        | Found an opulent altar of Gozag.
   386 | D        | Found a hazy altar of Hepliaklqana.
   387 | D        | Found a viscous altar of Jiyva.
   389 | D        | Found a corrupted altar of Lugonu.
   390 | D        | Found a burning altar of Makhleb.
   391 | D        | Found a sparkling altar of Nemelex Xobeh.
   392 | D        | Found an iron altar of Okawaru.
   393 | D        | Found a stormy altar of Qazlal.
   394 | D        | Found a sacrificial altar of Ru.
   396 | D        | Found a bloodstained altar of Trog.
   397 | D        | Found a hide-covered altar of Uskayaw.
   398 | D        | Became a worshipper of Makhleb the Destroyer
   400 | D        | Found an ornate altar of the Wu Jian Council.
   401 | D        | Found a shimmering altar of Xom.
   402 | D        | Found a basalt altar of Yredelemnul.
   403 | D        | Found a glowing silver altar of Zin.
   404 | D        | Found a glowing golden altar of the Shining One.
   454 | D        | Noticed a centaur
   454 | D        | Noticed a kobold demonologist
   454 | D        | Noticed a yak
   454 | D        | Noticed a two-headed ogre
   454 | D        | Noticed a wraith
   460 | D        | Killed a centaur
   461 | D        | Reached skill level 4 in Fighting
   461 | D        | Reached skill level 5 in Dodging
   461 | D        | Reached XP level 5. HP: 20/42 MP: 0/0
   461 | D        | Learned a level 2 spell: Wereblood
   464 | D        | Killed a kobold demonologist
   465 | D        | Reached skill level 8 in Fighting
   465 | D        | Reached XP level 6. HP: 18/55 MP: 0/0
   465 | D        | Reached XP level 7. HP: 20/60 MP: 0/0
   465 | D        | Learned a level 3 spell: Gell's Gravitas
   469 | D        | Killed a yak
   469 | D        | Reached * piety under Makhleb
   470 | D        | Reached skill level 9 in Fighting
   472 | D        | Killed a two-headed ogre
   473 | D        | Reached skill level 11 in Fighting
   473 | D        | Reached XP level 8. HP: 44/71 MP: 0/0
   481 | D        | Killed a wraith
   481 | D        | Reached ** piety under Makhleb
   482 | D        | Reached skill level 10 in Dodging
   746 | D        | Noticed a two-headed ogre
   746 | D        | Noticed a slime creature
   746 | D        | Noticed a boulder beetle
   746 | D        | Noticed a cyclops
   746 | D        | Noticed a centaur warrior
   746 | D        | Noticed a troll
   756 | D        | Killed a two-headed ogre
   757 | D        | Reached skill level 12 in Fighting
   757 | D        | Reached XP level 9. HP: 59/78 MP: 0/0
   757 | D        | Learned a level 4 spell: Cause Fear
   758 | D        | Killed a slime creature
   770 | D        | Killed a boulder beetle
   770 | D        | Reached *** piety under Makhleb
   771 | D        | Reached skill level 13 in Fighting
   771 | D        | Reached skill level 5 in Armour
   771 | D        | Reached skill level 10 in Spellcasting
   771 | D        | Reached skill level 5 in Invocations
   776 | D        | Killed a cyclops
   776 | D        | HP: 2/80 [centaur warrior/arrow (20)]
   777 | D        | Reached XP level 10. HP: 3/86 MP: 0/0
   777 | D        | Shot with an arrow by a centaur warrior

Illustrated notes

Levels and vault maps discovered:
D:        linesprint [early_d, line_temple, items_1, d_10, items_2, lair_1,
          lair_end, items_3, orc_1, orc_end, items_4, d_15, swamp_1, shoals_1,
          snake_1, spider_1, d_20, vaults_1, items_5, swamp_end, shoals_end,
          snake_end, spider_end, vaults_end, d_27, items_6, zot_1, zot_end,
          crypt_end, forest_end, elf_end, slime_end, tomb_end, abyss_end,
          pan_hell_end]

Skill      XL: |  1  2  3  4  5  6  7  8  9 |
---------------+----------------------------+-----
Spellcasting   | 3 4 5 6 8 9 10 | 10.5
Dodging        | 3 5 7 9 10 | 10.0
Stealth        | 2 |  2.5
Unarmed Combat | 1 |  1.7
Fighting       | 4 8 11 12 13 | 13.1
Armour         | 3 5 |  5.6
Invocations    | 3 5 |  5.5

Action                   |  1- 3 |  4- 6 |  7- 9 | 10-12 || total
-------------------------+-------+-------+-------+-------++-------
Melee: Unarmed           |    17 |       |       |       ||    17
 Cast: Foxfire           |     2 |     1 |       |       ||     3
       Scorch            |    11 |     7 |    11 |       ||    29
       Summon Small Mamm |     1 |       |       |       ||     1
       Conjure Flame     |       |     1 |     1 |       ||     2
       Flame Wave        |       |       |    10 |       ||    10
  Use: Potion            |     3 |       |     3 |       ||     6
       Scroll            |       |       |     1 |       ||     1
Armor: Robe              |     4 |       |     3 |       ||     7
Dodge: Dodged            |    18 |     5 |    19 |       ||    42
